 Dungeon Crawl Stone Soup version 0.20.1-1-g8b1a95d (webtiles) character file.

770 Lanoc the Chucker (level 7, -10/67 HPs)
             Began as a Troll Hunter on Dec 6, 2017.
             Mangled by an ice beast (11 damage)
             ... on level 5 of the Dungeon.
             The game lasted 00:13:45 (4041 turns).

Lanoc the Chucker (Troll Hunter)                    Turns: 4041, Time: 00:13:45

Health: -10/67     AC:  5    Str: 23    XL:     7   Next: 52%
Magic:  6/6        EV: 11    Int:  7    God:    Xom [..*...]
Gold:   223        SH:  6    Dex: 10    Spells: 6/6 levels left

rFire    . . .     SeeInvis .   u - +0 halberd (protect)
rCold    . . .     Gourm    +   (shield currently unavailable)
rNeg     . . .     Faith    .   b - +0 robe
rPois    .         Spirit   .   (helmet restricted)
rElec    .         Reflect  +   (no cloak)
rCorr    .         Harm     .   (gloves unavailable)
MR       .....                  (boots unavailable)
Stlth    +.........             y - +6 amulet of reflection
Regen    0.7/turn               (no ring)
MPRegen  0.1/turn               (no ring)

@: no status effects
A: unfitting armour, claws 3, fast metabolism 3, gourmand, regeneration 1,
shaggy fur 1, tough skin 2
a: Renounce Religion


You were on level 5 of the Dungeon.
You worshipped Xom.
You were a toy of Xom.
You were completely stuffed.

You visited 1 branch of the dungeon, and saw 5 of its levels.

You collected 223 gold pieces.

Inventory:

Hand Weapons
 u - a +0 halberd of protection (weapon)
Missiles
 c - 5 large rocks
 d - 2 throwing nets
 q - 13 tomahawks (quivered)
Armour
 b - a +0 robe (worn)
Jewellery
 y - a +6 amulet of reflection (around neck)
Scrolls
 a - 5 scrolls of teleportation {unknown}
 e - 3 scrolls of identify {unknown}
 i - 2 scrolls of enchant weapon {unknown}
 n - a scroll of remove curse {unknown}
 o - a scroll of fear {unknown}
 v - a scroll of enchant armour {unknown}
Potions
 h - 3 potions of curing {unknown}
 j - a potion of invisibility {unknown}
 l - 2 potions of mutation {unknown}
 m - a potion of ambrosia {unknown}
 p - 2 potions of agility {unknown}
 r - a potion of heal wounds {unknown}
 s - a potion of magic {unknown}
 w - a potion of berserk rage
Comestibles
 f - 3 bread rations
 g - a fruit
 k - 4 meat rations
 t - 2 royal jellies
 x - 2 chunks of flesh


   Skills:
 + Level 3.6 Fighting
 * Level 6.6 Throwing
 + Level 3.8 Dodging
 - Level 0.3 Stealth


You had 6 spell levels left.
You didn't know any spells.

Dungeon Overview and Level Annotations

Branches:
Dungeon (5/15)
 Temple: D:4-7

Altars:
Qazlal
Sif Muna
Uskayaw
Xom
Yredelemnul

Shops:
D:4 !:([


Innate Abilities, Weirdness & Mutations

You are too large for most types of armour.
You have claws for hands.
Your metabolism is lightning-fast.
You like to eat raw meat.
Your natural rate of healing is unusually fast.
You are covered in fur. (AC +1)
You have very tough skin. (AC +2)


Message History

The ice beast is moderately wounded.
The ice beast hits you. The ice beast freezes you!
* * * LOW HITPOINT WARNING * * *
You barely miss the ice beast.
The ice beast is moderately wounded.
The ice beast hits you but does no damage.
The ice beast hits you.
* * * LOW HITPOINT WARNING * * *
The ice beast freezes you!
* * * LOW HITPOINT WARNING * * *
Found 16 arrows.
Xom's attention almost turns to you for a moment.
You feel a strange surge of energy!
There is a stone staircase leading up here.
You see here a frilled lizard corpse.
The ice beast hits you.
* * * LOW HITPOINT WARNING * * *
The ice beast freezes you!
You die...
Xom chortles!

## ## ..# #...
#.##.... .........
## #..#....# # #.
.........
#.##.####..##..#
#.#......Y.......#
.......$@##..##...
.........##..#
#........†...#
###.###..###.# ..
#..# .# ## .....
.. ###..# ... #..#
.(. #... ....


You could see an ice beast.

Vanquished Creatures
  Grinder (D:3)
  An ogre (D:4)
  A howler monkey (D:4)
  4 orc priests
  A bullfrog skeleton (D:4)
  An orc wizard (D:3)
  A worker ant (D:4)
  7 gnolls (D:3)
  4 adders
  A shadow imp (D:5)
  2 oozes
  3 worms
  An adder skeleton (D:5)
  A dart slug (D:1)
  3 leopard geckos
  21 orcs
  7 bats
  5 giant cockroaches
  10 goblins
  11 hobgoblins
  9 jackals
  A quokka (D:4)
  A ball python (D:2)
  7 frilled lizards
  13 kobolds
  5 rats
122 creatures vanquished.

Vanquished Creatures (others)
  A goblin (D:3)
1 creature vanquished.

Grand Total: 123 creatures vanquished

Notes
Turn   | Place    | Note
-------+----------+-------------------------------------------
     0 | D:1      | Lanoc the Troll Hunter began the quest for the Orb.
     0 | D:1      | Reached XP level 1. HP: 19/19 MP: 0/0
   171 | D:1      | Reached XP level 2. HP: 12/27 MP: 1/1
   279 | D:1      | Reached skill level 4 in Throwing
   670 | D:1      | Reached XP level 3. HP: 34/35 MP: 2/2
  1636 | D:2      | Found a faded altar of an unknown god.
  1725 | D:2      | Reached XP level 4. HP: 42/42 MP: 3/3
  2315 | D:3      | Reached skill level 5 in Throwing
  2315 | D:3      | Reached XP level 5. HP: 15/50 MP: 4/4
  2451 | D:3      | Found a shimmering altar of Xom.
  2459 | D:3      | Became a worshipper of Xom of Chaos
  2542 | D:3      | XOM: potion effect (agility)
  2637 | D:3      | XOM: harmless Tmut miscast
  2664 | D:3      | Noticed a fire elemental
  2695 | D:3      | Found a deep blue altar of Sif Muna.
  2892 | D:3      | XOM: smoke on damage
  2893 | D:3      | Reached XP level 6. HP: 51/59 MP: 5/5
  2897 | D:3      | XOM: divination: detect items
  2930 | D:3      | Found a stormy altar of Qazlal.
  2931 | D:3      | Noticed an air elemental
  2933 | D:3      | Noticed a water elemental
  3024 | D:3      | Noticed Grinder
  3035 | D:3      | Killed Grinder
  3035 | D:3      | Reached skill level 6 in Throwing
  3145 | D:3      | XOM: harmless Tloc miscast
  3291 | D:3      | Reached XP level 7. HP: 67/67 MP: 6/6
  3311 | D:3      | XOM: harmless Summ miscast
  3468 | D:4      | Found a hide-covered altar of Uskayaw.
  3552 | D:4      | XOM: harmless Air miscast
  3728 | D:4      | Found Gabbeemn's Distillery.
  3730 | D:4      | Found Daruuck's Weapon Shoppe.
  3734 | D:4      | Found Isuk's Book Shoppe.
  3734 | D:4      | Found Vuqolong's Antique Armour Shoppe.
  3801 | D:4      | Found a basalt altar of Yredelemnul.
  3928 | D:4      | XOM: silly message
  4001 | D:5      | Entered Level 5 of the Dungeon
  4035 | D:5      | HP: 2/67 [ice beast (12)]
  4039 | D:5      | XOM: harmless Pois miscast
  4041 | D:5      | HP: 1/67 [ice beast (4)]
  4041 | D:5      | Mangled by an ice beast

Skill      XL: |  1  2  3  4  5  6 |
---------------+-------------------+-----
Throwing       | 4 5 6 |  6.6
Fighting       | 2 3 |  3.6
Dodging        | 2 3 |  3.8
Stealth        | |  0.3

Action                   |  1- 3 |  4- 6 |  7- 9 || total
-------------------------+-------+-------+-------++-------
Melee: Unarmed           |   151 |    60 |       ||   211
       Halberd           |       |   168 |    83 ||   251
Throw: Tomahawk          |       |     5 |    23 ||    28
       Large rock        |       |     3 |       ||     3
 Stab: Sleeping          |       |     1 |       ||     1
  Eat: Chunk             |    21 |    16 |     7 ||    44
Armor: Robe              |    62 |    87 |    51 ||   200
Dodge: Dodged            |    97 |   157 |    77 ||   331
Block: Other             |       |       |    16 ||    16
